 Dungeon Crawl Stone Soup version 0.31.0-11-ge490571c62 (webtiles) character file.

Game seed: 9127942744224750940

35 qw the Shooter (level 3, -7/20 HPs)
             Began as a Deep Elf Hunter on Feb 4, 2024.
             Mangled by an iguana (8 damage)
             ... on level 2 of the Dungeon.
             The game lasted 00:00:03 (827 turns).

qw the Shooter (Deep Elf Hunter)                     Turns: 827, Time: 00:00:03

Health: -7/20      AC:  3    Str: 10    XL:     3   Next: 17%
Magic:  5/5        EV: 12    Int: 13    God:
Gold:   88         SH:  0    Dex: 18    Spells: 2/2 levels left

rFire   . . .        a - +0 shortbow
rCold   . . .        (shield currently unavailable)
rNeg    . . .        c - +0 leather armour
rPois   .            (no helmet)
rElec   .            (no cloak)
rCorr   +            (no gloves)
SInv    .            (no boots)
Will    .....        (no amulet)
Stlth   ++           h - ring of resist corrosion
HPRegen 0.23/turn    (no ring)
MPRegen 0.09/turn

%: no passive effects
@: no status effects
A: no striking features
a: no special abilities


You were on level 2 of the Dungeon.
You visited 1 branch of the dungeon, and saw 2 of its levels.

You collected 88 gold pieces.


   Skills:
 - Level 1.5 Fighting
 + Level 6.8 Ranged Weapons
 - Level 2.4 Dodging
 - Level 1.2 Stealth


You had 2 spell levels left.
You didn't know any spells.
Your spell library was empty.

Inventory:

Hand Weapons
 a - a +0 shortbow (weapon)
Armour
 c - a +0 leather armour (worn)
Jewellery
 h - a ring of resist corrosion (left hand)
Potions
 b - a potion of degeneration {unknown}
 d - a potion of brilliance {unknown}
 e - a potion of enlightenment {unknown}
 g - 2 potions of haste {unknown}

Dungeon Overview and Level Annotations

Branches:
Dungeon (2/15)

Altars:


Message History

There is a stone staircase leading up here.
There is a stone staircase leading down here.
An iguana comes into view.
You shoot an arrow. The arrow hits the iguana.
The iguana hisses angrily.
The iguana is lightly wounded.
You shoot an arrow.
The arrow hits the iguana but does no damage.
The iguana is lightly wounded.
You shoot an arrow. The arrow hits the iguana.
The iguana is moderately wounded.
You shoot an arrow.
The arrow hits the iguana but does no damage.
The iguana is moderately wounded.
You shoot an arrow. The arrow hits the iguana.
The iguana is heavily wounded.
You shoot an arrow. The arrow hits the iguana.
The iguana is heavily wounded.
You shoot an arrow. The arrow barely misses the iguana.
The iguana bites you but does no damage.
You shoot an arrow. The arrow barely misses the iguana.
The iguana bites you!
Ouch! That really hurt!
You shoot an arrow. The arrow hits the iguana.
The iguana is severely wounded.
The iguana barely misses you.
You shoot an arrow.
The arrow hits the iguana but does no damage.
The iguana is severely wounded.
The iguana bites you but does no damage.
The iguana bites you.
You shoot an arrow.
The arrow hits the iguana but does no damage.
The iguana is severely wounded.
The iguana bites you.
You shoot an arrow.
The arrow hits the iguana but does no damage.
The iguana is severely wounded.
The iguana bites you!
You die...

#.####.#.#)#.#.#..
##.##..............
#.....#.#.#.#.#.#..
####.............##
#..<..#.#.#.#.#.##
#.###..............##
####....>..#.#.#.#.#.#.#
......##.#............##
......l@.#.#.#.#.#.#.##
.##.#.####............#
# # #.#.#.#%#.#.##
#....%.......#
#.#.#.#.#.#.##
#.....>......#
..#.#.#.#.#.#..
................
...#.#.#.#.#.#.:


You could see an iguana.

Vanquished Creatures
  A dart slug (D:1)
  4 endoplasms
  2 giant cockroaches
  A goblin (D:1)
  8 hobgoblins
  5 ball pythons
  4 bats (D:1)
  2 frilled lizards
  2 kobolds (D:1)
  2 rats
31 creatures vanquished.

Notes
Turn   | Place    | Note
-------+----------+-------------------------------------------
     0 | D:1      | qw the Deep Elf Hunter began the quest for the Orb.
     0 | D:1      | Reached XP level 1. HP: 12/12 MP: 3/3
     0 | D:1      | 0 ||| qw: Version: 0.3-a-160-g6735b56
     0 | D:1      | 0 ||| qw: Game counter: 4951
     0 | D:1      | 0 ||| qw: Melee chars always use a shield: true
     0 | D:1      | 0 ||| qw: God list: Okawaru
     0 | D:1      | 0 ||| qw: Allow faded altars: false
     0 | D:1      | 0 ||| qw: Do Orc after clearing Dungeon:15 true
     0 | D:1      | 0 ||| qw: Do second Lair branch before Depths: true
     0 | D:1      | 0 ||| qw: Lair rune preference: random
     0 | D:1      | 0 ||| qw: Goals: Normal
     0 | D:1      | 0 ||| PLANNING D:1-11
    84 | D:1      | Reached skill level 6 in Ranged Weapons
    84 | D:1      | Reached XP level 2. HP: 12/16 MP: 4/4
   653 | D:1      | 653 ||| UPGRADING to ring of resist corrosion.
   654 | D:1      | 654 ||| READING scroll labelled FOJAER JYUMI.
   655 | D:1      | 655 ||| READING scroll labelled SEORAN TONKEMOL.
   659 | D:1      | 659 ||| DROPPING scroll of butterflies.
   729 | D:2      | Reached XP level 3. HP: 20/20 MP: 5/5
   825 | D:2      | HP: 5/20 [iguana (5)]
   826 | D:2      | HP: 1/20 [iguana (5)]
   827 | D:2      | Mangled by an iguana

Levels and vault maps discovered:
D:1:      wander_arrival_estate, layout_loops_ring, grunt_decor_junction,
          minmay_misc_feat_room
D:2:      layout_basic, st_stairs_11, kennysheep_potato

Skill      XL: |  1 |
---------------+----+-----
Ranged Weapons | 6 |  6.8
Fighting       | |  1.5
Dodging        | |  2.4
Stealth        | |  1.2

Action                     || total
---------------------------++-------
   Fire: Shortbow          ||    98
    Use: Scroll            ||     2
 Armour: Leather armour    ||    24
  Dodge: Dodged            ||    11

Table legend:
 A = Non-vault XP
 B = Vault XP
 C = Vault XP percentage of total XP
 D = Non-vault monster count
 E = Vault monster count
 F = Vault count percentage of total count
                 A         B        C        D         E       F
            +---------+---------+-------+---------+---------+-------
      Total |      46 |       5 |   9.8 |      28 |       3 |   9.7
            +---------+---------+-------+---------+---------+-------
        D:1 |      36 |       0 |   0.0 |      22 |       0 |   0.0
        D:2 |      10 |       5 |  33.3 |       6 |       3 |  33.3
            +---------+---------+-------+---------+---------+-------
